 Dungeon Crawl Stone Soup version 0.32-a0-938-g40ac7a0f4d (webtiles) character file.

Game seed: 5042964028215651791

24551 porpoise the Spear-Bearer (level 12, -2/92 HPs)
             Began as a Demonspawn Gladiator on Apr 16, 2024.
             Was an Elder of Yredelemnul.
             Slain by a demonic crawler (3 damage)
             ... on level 1 of the Lair of Beasts.
             The game lasted 00:39:49 (13060 turns).

porpoise the Spear-Bearer (Demonspawn Gladiator)   Turns: 13060, Time: 00:39:51

Health: -2/92      AC: 12    Str: 18    XL:     12   Next: 81%
Magic:  0/22       EV: 17    Int:  9    God:    Yredelemnul [****..]
Gold:   250        SH:  5    Dex: 16    Spells: 11/11 levels left

rFire   . . .        a - +2 demon trident (drain)
rCold   . . .        (no shield)
rNeg    . . .        M - +0 ring mail {rPois}
rPois   +            c - +1 helmet
rElec   .            (cloak unavailable)
rCorr   +            (no gloves)
SInv    .            g - +0 pair of boots
Will    .....        u - amulet of reflection
Stlth   +            A - +5 ring of evasion
HPRegen 0.35/turn    K - ring of resist corrosion
MPRegen 0.36/turn

%: reflection, guardian spirit
@: wreathed by umbra, very slow
A: molten scales 2, ignite blood 2, magic shield, magic regeneration, weakness
stinger 3
a: Renounce Religion, Light the Black Torch, Recall Undead Harvest, Hurl
Torchlight, Bind Soul


You were on level 1 of the Lair of Beasts.
You worshipped Yredelemnul.
Yredelemnul was pleased with you.
You visited 3 branches of the dungeon, and saw 13 of its levels.

You collected 745 gold pieces.
You spent 495 gold pieces at shops.

Inventory:

Hand Weapons
 a - a +2 demon trident of draining (weapon)
 b - a +0 sling of freezing
 N - a +1 trident
 Q - a -1 demon whip of venom
 R - a +0 orcbow
 U - a +3 trident
Missiles
 d - 6 throwing nets
 e - a javelin
 h - 6 curare-tipped darts
 z - 38 poisoned darts (quivered)
 F - 5 boomerangs
 T - 5 silver javelins
Armour
 c - a +1 helmet (worn)
 g - a +0 pair of boots (worn)
 M - a +0 ring mail of poison resistance (worn)
 P - the +3 leather armour "Ivvo" {Dex+7}
   (You found it on level 9 of the Dungeon)

   Dex+7:     It affects your dexterity (+7).
Jewellery
 u - an amulet of reflection (around neck)
 A - a +5 ring of evasion (left hand)
 K - a ring of resist corrosion (right hand)
 S - a ring of ice
Wands
 B - a wand of polymorph (15)
 C - a wand of flame (30)
 G - a wand of acid (7)
 I - a wand of digging (6)
 V - a wand of roots (3)
Scrolls
 j - a scroll of enchant armour
 m - 3 scrolls of teleportation
 n - a scroll of immolation
 p - a scroll of vulnerability
 q - a scroll of fog
 v - a scroll of blinking
 y - a scroll of noise
 D - a scroll of torment {unknown}
 E - a scroll of poison {unknown}
 H - 2 scrolls of revelation {unknown}
 W - a scroll of enchant weapon
Potions
 f - 3 potions of heal wounds
 i - 6 potions of attraction
 k - a potion of invisibility {unknown}
 l - 3 potions of curing
 o - 2 potions of degeneration
 r - 4 potions of brilliance
 s - a potion of magic {unknown}
 t - 3 potions of enlightenment {unknown}
 w - a potion of might {unknown}
 x - 2 potions of cancellation {unknown}
 J - a potion of berserk rage {unknown}
 O - 2 potions of resistance {unknown}
Miscellaneous
 L - a lightning rod (4/4)


   Skills:
 + Level 8.0 Fighting
 - Level 14.0 Polearms
 - Level 1.7 Throwing
 + Level 6.0 Armour
 - Level 5.0 Dodging
 - Level 14.0 Invocations
 + Level 3.5 Evocations


You had 11 spell levels left.
You didn't know any spells.
Your spell library contained the following spells:

 Spells                   Type           Power      Damage    Failure   Level
 Magic Dart               Conj           0%         1d3       56%         1
 Shock                    Conj/Air       0%         1d3       56%         1
 Slow                     Hex            0%         N/A       56%         1
 Blink                    Tloc           0%         N/A       71%         2
 Call Imp                 Summ           0%         N/A       71%         2
 Confusing Touch          Hex            0%         N/A       90%         3
 Sigil of Binding         Hex            0%         N/A       90%         3
 Swiftness                Air            0%         N/A       90%         3
 Vampiric Draining        Necr           0%         2d6       90%         3
 Airstrike                Air            0%         2d(0-16)  100%        4
 Sculpt Simulacrum        Ice/Alch       0%         N/A       100%        6
 Death Channel            Necr           Unusable   N/A       N/A         6

Dungeon Overview and Level Annotations

Branches:
Dungeon (11/15)            Temple (1/1) D:4            Lair (1/5) D:11
    Orc (0/2) D:9

Altars:
Ashenzari
Cheibriados
Dithmenos
Fedhas
Gozag
Hepliaklqana
Kikubaaqudgha
Makhleb
Nemelex Xobeh
Okawaru
Qazlal
Ru
Sif Muna
Trog
Uskayaw
Vehumet
Wu Jian
Xom
Yredelemnul

Shops:
D:1 [   D:3 (   D:9 [   D:10 *=*

Portals:
Trove: D:10 (give 11 potions of heal wounds)

Annotations:
D:10 2 transporters, jkt's ghost, journeyman SpEn


Innate Abilities, Weirdness & Mutations

You are mostly covered in molten scales. (AC +3)
Your demonic aura often causes spilled blood to erupt in flames.
When hurt, damage is shared between your health and your magic reserves.
You regenerate magic rapidly.
You have a sharp stinger which inflicts weakening toxins.


Message History

The demonic crawler hits your water moccasin zombie!!
Your water moccasin zombie is destroyed!
The demonic crawler gives a hideous shriek!
You hit the demonic crawler.
The demonic crawler is heavily wounded.
Your yak zombie gores the demonic crawler!
The demonic crawler barely misses you. You block the demonic crawler's attack.
The demonic crawler completely misses you.
Your unstable footing causes you to fumble your attack.
Your unstable footing causes you to fumble your attack.
The demonic crawler misses you. The demonic crawler closely misses you.
The demonic crawler hits you but does no damage.
Your yak zombie gores the demonic crawler.
Your unstable footing causes you to fumble your attack.
The demonic crawler barely misses you.
The demonic crawler closely misses you. x2
Your unstable footing causes you to fumble your attack.
Your yak zombie barely misses the demonic crawler.
You block the demonic crawler's attack. The demonic crawler closely misses you.
The demonic crawler barely misses you.
You puncture the demonic crawler!
The demonic crawler is heavily wounded.
You impale the demonic crawler!!
The demonic crawler is severely wounded.
You block the demonic crawler's attack.
The demonic crawler completely misses you.
The demonic crawler hits you.
* * * LOW HITPOINT WARNING * * *
Your yak zombie gores the demonic crawler but does no damage.
Your unstable footing causes you to fumble your attack.
The demonic crawler hits you but does no damage.
The demonic crawler barely misses you. The demonic crawler closely misses you.
You hit the demonic crawler but do no damage.
Your tail-slap misses the demonic crawler.
The demonic crawler is heavily wounded.
Your yak zombie gores the demonic crawler but does no damage.
The demonic crawler hits you!
* * * LOW HITPOINT WARNING * * *
The demonic crawler hits you.
You die...
Your body rises from the dead as a mindless zombie.

..#...........## ..............#
..............###########
..##...#......#.#.~~~~~~######
.###...####.#....~~≈~≈~~...#.#
.# #...# #..#..~~~~###~~~~..##
.###...###..#.~~≈###~###~~~..#
.P##...##.....~~~#Z~[~~##≈~.##
..............~~@s~~~~~)#~~.##
..........#...~~~#~~[~~##≈~..#
............##~~≈###~###≈~~###
.#...#...#.####~~~~###~~~~.#
.............##..~~≈~≈~~..##
..............#...~~~~~..##
~..#.#..~.#..#.....##....##
....~~~~~~#..P.....##.....#####
~...~~~~~~..Z......###........##


You could see a demonic crawler (ally target) and a friendly yak zombie.

Vanquished Creatures
  A catoblepas (Lair:1)
  A boulder beetle (D:11)
  5 two-headed ogres
  Urug (D:10)
  Sonja (Lair:1)
  Amaemon (D:9)
  A manticore (D:11)
  Maurice (D:9)
  An elephant (D:11)
  A black mamba (Lair:1)
  An orange demon (D:9)
  2 kobold demonologists (D:11)
  3 cane toads (Lair:1)
  2 komodo dragons (Lair:1)
  A troll (D:10)
  3 blink frogs (Lair:1)
  A shadow (D:11)
  A wyvern (D:11)
  33 yaks
  3 basilisks
  A vampire mosquito (D:11)
  2 swamp worms (Lair:1)
  A two-headed ogre zombie (D:11)
  5 water moccasins (Lair:1)
  Duvessa (D:4)
  An ice beast (D:8)
  3 orc warriors
  5 black bears
  An ogre (D:11)
  3 wolves (D:8)
  3 centaurs
  2 phantoms (D:5)
  3 kobold brigands
  A wyvern zombie (D:11)
  A scorpion (D:4)
  5 bullfrogs
  A water moccasin zombie (Lair:1)
  2 wights (D:8)
  Dowan (D:4)
  9 killer bees
  3 yak zombies (Lair:1)
  8 howler monkeys
  A bombardier beetle (D:4)
  A hound (D:5)
  A centaur zombie (D:5)
  2 gnoll boudas
  2 jellies
  4 orc priests
  5 iguanas
  Ijyb (D:4)
  11 orc wizards
  A killer bee zombie (D:9)
  A howler monkey zombie (D:10)
  10 gnolls
  A shadow imp (D:5)
  A white imp (D:7)
  2 ufetubi (D:7)
  5 dart slugs
  A ribbon worm (D:3)
  25 orcs
  9 bats
  7 endoplasms
  5 giant cockroaches
  9 goblins
  5 hobgoblins
  15 jackals
  2 quokkas
  9 ball pythons
  7 frilled lizards
  3 gnoll zombies
  20 kobolds
  4 kobold zombies
  7 orc zombies
  6 rats
309 creatures vanquished.

Vanquished Creatures (collateral kills)
  A two-headed ogre (D:11)
  An unseen horror (D:11)
  A blink frog (Lair:1)
  A vampire (D:11)
  6 yaks
  Grum (D:8)
  2 vampire mosquitoes (D:11)
  Menkaure (D:7)
  A water moccasin (D:6)
  An ice beast (D:6)
  An ogre (D:11)
  3 kobold brigands (D:11)
  A bullfrog (D:6)
  A gnoll sergeant (D:10)
  5 wights
  4 killer bees
  A lava snake (Lair:1)
  A jelly (D:6)
  An iguana (D:5)
  An orc wizard (D:8)
  A gnoll (D:9)
  8 orcs
  6 kobolds
50 creatures vanquished.

Vanquished Creatures (others)
  An ogre mage (D:11)
  A catoblepas zombie (Lair:1)
  A swamp worm zombie (Lair:1)
  An ogre zombie (D:11)
  A cane toad zombie (Lair:1)
  A two-headed ogre zombie (D:8)
  2 blink frog zombies (Lair:1)
  A water moccasin zombie (Lair:1)
  8 yak zombies
  A demonspawn zombie (D:9)
  2 black bear zombies
  2 bullfrog zombies
  4 killer bee zombies
  A vine stalker zombie (D:9)
  4 gnoll zombies
  2 jackal zombies (D:4)
  5 kobold zombies
  15 orc zombies
  2 spectral ufetubi (D:7)
55 creatures vanquished.

Grand Total: 414 creatures vanquished

Notes
Turn   | Place    | Note
-------+----------+-------------------------------------------
     0 | D:1      | porpoise the Demonspawn Gladiator began the quest for the
                  | Orb.
     0 | D:1      | Reached XP level 1. HP: 16/16 MP: 1/1
   188 | D:1      | Gained mutation: You have a small tail. [demonic ancestry]
   188 | D:1      | Reached XP level 2. HP: 18/22 MP: 2/2
   314 | D:1      | Found Suis's Armour Shoppe.
   420 | D:1      | Reached XP level 3. HP: 28/28 MP: 3/3
  1203 | D:2      | Found a faded altar of an unknown god.
  1612 | D:3      | Found Xeiduori's Antique Weapon Emporium.
  1732 | D:3      | Gained mutation: Your demonic aura sometimes causes spilled
                  | blood to erupt in flames. [demonic ancestry]
  1732 | D:3      | Reached XP level 4. HP: 27/35 MP: 4/4
  2454 | D:4      | Noticed a scorpion
  2465 | D:4      | Killed a scorpion
  2466 | D:4      | Gained mutation: You have a tail ending in a sharp stinger.
                  | [demonic ancestry]
  2466 | D:4      | Reached XP level 5. HP: 39/41 MP: 5/5
  2596 | D:4      | Noticed a black bear
  2605 | D:4      | Killed a black bear
  2606 | D:4      | Reached skill level 5 in Polearms
  2606 | D:4      | Gained mutation: You regenerate magic rapidly. [demonic
                  | ancestry]
  2606 | D:4      | Reached XP level 6. HP: 47/48 MP: 6/6
  3047 | D:4      | Noticed Duvessa
  3048 | D:4      | Noticed Dowan
  3226 | D:4      | Noticed Ijyb
  3242 | D:4      | Killed Ijyb
  3305 | D:4      | Found a staircase to the Ecumenical Temple.
  3311 | Temple   | Entered the Ecumenical Temple
  3323 | Temple   | Became a worshipper of Yredelemnul the Fallen
  3425 | D:4      | Killed Duvessa
  3426 | D:4      | Reached skill level 1 in Invocations
  3426 | D:4      | Gained mutation: When hurt, damage is shared between your
                  | health and your magic reserves. [demonic ancestry]
  3426 | D:4      | Reached XP level 7. HP: 46/55 MP: 7/7
  3436 | D:4      | Killed Dowan
  3840 | D:5      | Entered Level 5 of the Dungeon
  3851 | D:5      | Reached skill level 5 in Fighting
  4261 | D:5      | Gained mutation: You are partially covered in molten
                  | scales. (AC +2) [demonic ancestry]
  4261 | D:5      | Reached XP level 8. HP: 27/63 MP: 8/10
  4747 | D:6      | Reached * piety under Yredelemnul
  4910 | D:6      | Found a burning altar of Makhleb.
  4912 | D:6      | Found a stormy altar of Qazlal.
  4913 | D:6      | Found a blossoming altar of Fedhas.
  5068 | D:6      | Reached skill level 5 in Invocations
  5901 | D:7      | Gained mutation: You have a sharp stinger which inflicts
                  | weakening toxins. [demonic ancestry]
  5901 | D:7      | Reached XP level 9. HP: 71/71 MP: 13/13
  5936 | D:7      | Noticed Menkaure
  5944 | D:7      | Killed Menkaure
  7023 | D:8      | Noticed a two-headed ogre
  7037 | D:8      | Killed a two-headed ogre
  7420 | D:8      | Found a radiant altar of Vehumet.
  7421 | D:8      | Found a shimmering blue altar of Sif Muna.
  7421 | D:8      | Found a sparkling altar of Nemelex Xobeh.
  7444 | D:8      | Reached skill level 10 in Polearms
  7459 | D:8      | Reached XP level 10. HP: 69/79 MP: 14/16
  7833 | D:8      | Noticed Grum
  7840 | D:8      | Reached ** piety under Yredelemnul
  7854 | D:8      | Killed Grum
  8474 | D:9      | Found Uwnemeam's Armour Shoppe.
  8510 | D:9      | Noticed Maurice
  8530 | D:9      | Something stole a ring of resist corrosion
  8531 | D:9      | Something stole 22 poisoned darts
  8554 | D:9      | Maurice stole 132 gold
  8574 | D:9      | Maurice stole 184 gold
  8577 | D:9      | Maurice stole 75 gold
  8586 | D:9      | Killed Maurice
  8679 | D:9      | Your ally Maurice died
  8695 | D:9      | Reached skill level 5 in Dodging
  8951 | D:9      | Noticed a two-headed ogre
  8960 | D:9      | Killed a two-headed ogre
  8961 | D:9      | Reached skill level 1 in Armour
  9058 | D:9      | Found a staircase to the Orcish Mines.
  9324 | D:1      | Bought a +0 ring mail of poison resistance for 88 gold
                  | pieces
  9385 | D:3      | Bought a runed sling for 94 gold pieces
  9385 | D:3      | Bought a runed trident for 136 gold pieces
  9864 | D:9      | Identified the +3 leather armour "Ivvo" {Dex+7}
  9908 | D:9      | Noticed an orange demon
  9917 | D:9      | Killed an orange demon
  9933 | D:9      | Noticed Amaemon
  9950 | D:9      | Killed Amaemon
  9951 | D:9      | Your ally Amaemon died
 10088 | D:9      | Gained mutation: You are mostly covered in molten scales.
                  | (AC +3) [demonic ancestry]
 10088 | D:9      | Reached XP level 11. HP: 82/84 MP: 18/18
 10092 | D:9      | Reached skill level 10 in Invocations
 10410 | D:10     | Entered Level 10 of the Dungeon
 10421 | D:10     | Found Arepim Utyx's Assorted Antiques.
 10448 | D:10     | Found a transporter.
 10450 | D:10     | Found Xuemeagh's Jewellery Shop.
 10509 | D:10     | Found Jyeny's Assorted Antiques.
 10519 | D:10     | Bought an encrusted tourmaline ring for 150 gold pieces
 10519 | D:10     | Bought a brown potion for 27 gold pieces
 10614 | D:10     | Found a portal to a secret trove of treasure.
 10804 | D:10     | Noticed Urug
 10825 | D:10     | Killed Urug
 11045 | D:10     | Noticed jkt's ghost (journeyman SpEn)
 11049 | D:10     | Found a transporter.
 11056 | D:10     | Noticed a two-headed ogre
 11056 | D:10     | Noticed a two-headed ogre
 11058 | D:10     | Noticed a two-headed ogre
 11209 | D:11     | Noticed a two-headed ogre
 11211 | D:11     | Noticed a two-headed ogre
 11213 | D:11     | Noticed an ogre mage
 11213 | D:11     | Noticed a two-headed ogre
 11214 | D:11     | Noticed a two-headed ogre
 11219 | D:11     | Killed a two-headed ogre
 11227 | D:11     | Killed a two-headed ogre
 11229 | D:11     | Killed a two-headed ogre
 11229 | D:11     | Reached *** piety under Yredelemnul
 11229 | D:11     | Killed an ogre mage
 11233 | D:11     | Reached skill level 5 in Armour
 11239 | D:11     | Killed a two-headed ogre
 11367 | D:11     | Found a staircase to the Lair.
 11367 | D:11     | Noticed a boulder beetle
 11402 | D:11     | Killed a boulder beetle
 11403 | D:11     | Gained mutation: Your demonic aura often causes spilled
                  | blood to erupt in flames. [demonic ancestry]
 11403 | D:11     | Reached XP level 12. HP: 22/91 MP: 7/21
 11914 | Lair:1   | Entered Level 1 of the Lair of Beasts
 12073 | Lair:1   | Reached **** piety under Yredelemnul
 12255 | Lair:1   | Noticed a catoblepas
 12265 | Lair:1   | Reached skill level 1 in Evocations
 12286 | Lair:1   | Killed a catoblepas
 12611 | Lair:1   | Noticed Sonja
 12629 | Lair:1   | Killed Sonja
 13023 | Lair:1   | Noticed a demonic crawler
 13037 | Lair:1   | HP: 4/92 [demonic crawler (11)]
 13060 | Lair:1   | HP: 1/92 [demonic crawler (7)]
 13060 | Lair:1   | Slain by a demonic crawler

Illustrated notes

Levels and vault maps discovered:
D:1:      dpeg_arrival_signposts, layout_basic, serial_shops, shop,
          serial_glass, glass_columns_a, glass_columns_c, item_on_display_a,
          item_on_display_a, item_on_display_a, item_on_display_a
D:2:      layout_loops_cross, shapermc_ecumenical_altar_mp_vishouse
D:3:      layout_loops_ring, serial_shops, shop, serial_bayou_pond_e,
          minmay_cupped
D:4:      minmay_angry_zag, layout_basic, minmay_temple_entry_statues_pillars,
          hex_intersection, uniq_ijyb, uniq_duvessa
D:5:      layout_basic
D:6:      layout_basic, grunt_temple_overflow_open
D:7:      layout_basic, uniq_menkaure
D:8:      layout_loops_cross, chequers_temple_overflow_statue_of_worship,
          uniq_grum
D:9:      layout_gridville, orc_0_dummy, serial_shops, nicolae_shop_statue_plus,
          grunt_decor_resistance, minmay_misc_feat_doors, uniq_amaemon,
          uniq_maurice
D:10:     layout_rooms, serial_shops, shop, shop, shop_statue,
          nicolae_trove_entry_diagonal, gammafunk_ghost_smash, uniq_urug
D:11:     layout_rooms, david_lair_generic
Temple:   nicolae_temple_superstar
Lair:1:   layout_gridlike, chequers_serial_rivers_micro_c, worms_lemuel,
          grunt_megastairs_2, uniq_sonja

Skill      XL: |  1  2  3  4  5  6  7  8  9 10 11 12 |
---------------+-------------------------------------+-----
Polearms       | 3 4 5 6 7 8 10 11 13 14 | 14.0
Fighting       | 3 4 5 6 7 8 |  8.0
Invocations    | 1 3 5 8 9 12 14 | 14.0
Dodging        | 4 5 |  5.0
Armour         | 2 5 6 |  6.0
Evocations     | 3 |  3.5
Throwing       | |  1.7

Action                     |  1- 3 |  4- 6 |  7- 9 | 10-12 || total
---------------------------+-------+-------+-------+-------++-------
  Melee: Trident           |   163 |   141 |   304 |   328 ||   936
         Tailslap          |    15 |    13 |    35 |    91 ||   154
         Unarmed           |       |     6 |       |       ||     6
         Demon trident     |       |       |       |   287 ||   287
   Fire: Sling             |       |       |       |     2 ||     2
  Throw: Dart              |       |     5 |       |       ||     5
 Invoke: Light the Black T |       |     1 |     4 |     4 ||     9
  Evoke: Lightning rod     |       |       |       |     2 ||     2
    Use: Scroll            |     5 |     2 |     2 |     8 ||    17
         Potion            |       |       |     1 |     2 ||     3
   Stab: Sleeping          |     6 |       |       |       ||     6
         Distracted        |       |     1 |     6 |     5 ||    12
         Petrified         |       |       |       |     2 ||     2
 Armour: Leather armour    |    85 |    14 |       |       ||    99
         Ring mail         |       |    41 |   129 |   291 ||   461
         Skin              |       |     6 |       |       ||     6
  Dodge: Dodged            |    83 |    67 |   233 |   411 ||   794
  Block: Other             |       |    21 |    68 |   114 ||   203
         Reflection        |       |     2 |     2 |     2 ||     6

Table legend: (Time is in decaauts)
 A = Elapsed time spent in this place.
 B = Non-inter-level travel time spent in this place.
 C = Inter-level travel time spent in this place.
 D = Time resting spent in this place.
 E = Time spent auto-exploring this place.
 F = Levels seen in this place.
 G = Mean time per level.
                   A        B        C        D        E       F      G
               +--------+--------+--------+--------+--------+-----+--------+
         Total |  12862 |  12210 |    652 |   3494 |   6585 |  13 |  989.4 |
       Dungeon |  11760 |  11120 |    640 |   3494 |   5758 |  11 | 1069.1 |
        Temple |     24 |     12 |     12 |      0 |      0 |   1 |   24.0 |
          Lair |   1077 |   1077 |      0 |      0 |    827 |   1 | 1077.0 |
               +--------+--------+--------+--------+--------+-----+--------+

Top non-repeatable levels by time:
     D:9: 1737 daAuts
     D:7: 1361 daAuts
     D:4: 1361 daAuts
     D:8: 1230 daAuts
  Lair:1: 1077 daAuts
     D:6: 1055 daAuts
     D:1: 960 daAuts
     D:3: 935 daAuts
     D:5: 920 daAuts
     D:2: 748 daAuts
    D:11: 734 daAuts
    D:10: 713 daAuts
  Temple: 24 daAuts
